2645 views
Uploaded 2019-12-14 20:40:20
Game version 1.32.0.4
16:34 long 3on3 ladder game on (6)Monsoon_LV
Saved by BEARAND
2645 views
Uploaded 2019-12-14 20:40:20
Game version 1.32.0.4
16:34 long 3on3 ladder game on (6)Monsoon_LV


106 units @ 14k
/ 1.6k
52 buildings @ 6.5k
/ 2.5k


| Wisp | 20 | 1200 | / | 0 |
| Archer | 5 | 650 | / | 50 |
| Huntress | 1 | 195 | / | 20 |
| Glaive Thrower | 6 | 1260 | / | 390 |
| Dryad | 4 | 580 | / | 240 |
| Druid of the Talon | 3 | 435 | / | 60 |
| Hippogryph | 4 | 640 | / | 80 |
| total: | 43 | 4960g | / | 840w |
| Ancient Protector | 1 | 135 | / | 80 |
| Altar of Elders | 1 | 180 | / | 50 |
| Moon Well | 7 | 1260 | / | 280 |
| Ancient of War | 1 | 150 | / | 60 |
| Hunter's Hall | 1 | 210 | / | 100 |
| Tree of Life | 1 | 340 | / | 185 |
| Ancient of Lore | 1 | 155 | / | 145 |
| Ancient of Wind | 1 | 150 | / | 140 |
| Tree of Ages | 1 | 320 | / | 180 |
| Tree of Eternity | 1 | 330 | / | 200 |
| total: | 14 | 2580g | / | 1040w |
| 0:15 | Wisp |
| 0:21 | Altar of Elders |
| 0:24 | Wisp |
| 0:30 | Moon Well |
| 0:45 | Wisp |
| 0:55 | Ancient of War |
| 0:59 | Wisp |
| 1:10 | Wisp |
| 1:15 | Wisp |
| 1:28 | Wisp |
| 1:43 | Moon Well |
| 1:46 | Wisp |
| 1:57 | Archer |
| 1:58 | Wisp |
| 2:21 | Force of Nature |
| 2:29 | Hunter's Hall |
| 2:37 | Archer |
| 2:45 | Moon Well |
| 3:05 | Archer |
| 3:33 | Archer |
| 3:39 | Ancient Protector |
| 4:34 | Archer |
| 4:36 | Huntress |
| 4:43 | Moon Well |
| 4:51 | Thorns Aura |
| 5:02 | Tree of Ages |
| 5:22 | Strength of the Moon |
| 6:20 | Glaive Thrower |
| 7:26 | Vorpal Blades |
| 7:28 | Glaive Thrower |
| 7:31 | Ancient of Lore |
| 7:34 | Wisp |
| 7:35 | Wisp |
| 7:55 | Wisp |
| 8:14 | Ancient of Wind |
| 8:17 | Wisp |
| 8:23 | Force of Nature |
| 8:32 | Trueshot Aura |
| 8:34 | Glaive Thrower |
| 8:38 | Wisp |
| 9:08 | Moon Well |
| 9:10 | Abolish Magic |
| 9:12 | Dryad |
| 9:28 | Moon Well |
| 9:59 | Nature's Blessing |
| 10:32 | Tree of Life |
| 10:35 | Wisp |
| 10:40 | Druid of the Talon |
| 11:16 | Glaive Thrower |
| 11:18 | Dryad |
| 11:29 | Wisp |
| 11:40 | Druid of the Talon |
| 11:53 | Dryad |
| 12:35 | Improved Strength of the Moon |
| 12:39 | Dryad |
| 14:18 | Searing Arrows |
| 14:26 | Glaive Thrower |
| 14:26 | Glaive Thrower |
| 14:27 | Druid of the Talon |
| 14:28 | Hippogryph |
| 15:01 | Thorns Aura |
| 15:13 | Tree of Eternity |
| 15:29 | Wisp |
| 15:29 | Wisp |
| 15:29 | Wisp |
| 15:30 | Wisp |
| 15:31 | Moon Well |
| 16:17 | Hippogryph |
| 16:17 | Hippogryph |
| 16:17 | Hippogryph |
| Right click | 533 |
| Select | 301 |
| Select group | 143 |
| Build/train/purchase | 58 |
| Assign group | 22 |
| Use ability | 15 |

| Scroll of Speed | 1 | 50 |
| total: | 1 | 50g |
| Peon | 6 | 450 | / | 0 |
| Grunt | 12 | 2400 | / | 0 |
| Demolisher | 2 | 440 | / | 100 |
| Troll Headhunter | 4 | 560 | / | 80 |
| Troll Berserker | 1 | 140 | / | 20 |
| total: | 25 | 3990g | / | 200w |
| Orc Burrow | 4 | 640 | / | 160 |
| Altar of Storms | 1 | 180 | / | 50 |
| Barracks | 2 | 360 | / | 100 |
| War Mill | 1 | 205 | / | 0 |
| Voodoo Lounge | 1 | 130 | / | 30 |
| Stronghold | 1 | 315 | / | 190 |
| Fortress | 1 | 325 | / | 190 |
| total: | 9 | 1515g | / | 340w |
| 0:18 | Peon |
| 0:18 | Peon |
| 0:23 | Orc Burrow |
| 0:26 | Altar of Storms |
| 0:43 | Barracks |
| 1:03 | Peon |
| 1:21 | Peon |
| 1:21 | Peon |
| 1:21 | Peon |
| 1:45 | Grunt |
| 1:57 | Orc Burrow |
| 2:20 | Orc Burrow |
| 2:37 | Serpent Ward |
| 3:41 | Grunt |
| 3:51 | Grunt |
| 4:30 | War Mill |
| 5:01 | Stronghold |
| 5:03 | Grunt |
| 5:03 | Grunt |
| 5:33 | Grunt |
| 5:58 | Orc Burrow |
| 6:19 | Spiked Barricades |
| 6:19 | Steel Armor |
| 6:38 | Voodoo Lounge |
| 7:07 | Barracks |
| 7:28 | Berserker Strength |
| 7:31 | Steel Melee Weapons |
| 7:39 | Pillage |
| 7:53 | Scroll of Speed |
| 8:28 | Demolisher |
| 8:29 | Troll Headhunter |
| 8:30 | Grunt |
| 8:59 | Reinforced Defenses |
| 9:14 | Troll Headhunter |
| 9:14 | Grunt |
| 9:32 | Fortress |
| 10:10 | Troll Headhunter |
| 10:46 | Troll Headhunter |
| 10:46 | Troll Regeneration |
| 11:07 | Thorium Melee Weapons |
| 12:39 | Berserker Upgrade |
| 13:56 | Grunt |
| 13:57 | Troll Berserker |
| 13:58 | Demolisher |
| 15:08 | Burning Oil |
| 15:11 | Grunt |
| 15:12 | Grunt |
| 15:41 | Grunt |
| Right click | 246 |
| Select group | 132 |
| Select | 123 |
| Build/train/purchase | 48 |
| Assign group | 14 |
| Use ability | 12 |
| Misc. action | 6 |
| Minimap ping | 1 |

| Peasant | 17 | 1275 | / | 0 |
| Footman | 7 | 945 | / | 0 |
| Rifleman | 11 | 2255 | / | 330 |
| Mortar Team | 3 | 540 | / | 210 |
| total: | 38 | 5015g | / | 540w |
| Scout Tower | 13 | 390 | / | 260 |
| Guard Tower | 7 | 490 | / | 350 |
| Arcane Tower | 1 | 70 | / | 50 |
| Altar of Kings | 1 | 180 | / | 50 |
| Farm | 8 | 640 | / | 160 |
| Lumber Mill | 1 | 120 | / | 0 |
| Barracks | 1 | 160 | / | 60 |
| Blacksmith | 1 | 140 | / | 60 |
| Arcane Vault | 1 | 130 | / | 30 |
| Town Hall | 1 | 385 | / | 205 |
| Workshop | 1 | 140 | / | 140 |
| Arcane Sanctum | 1 | 150 | / | 140 |
| Keep | 1 | 320 | / | 210 |
| Castle | 1 | 360 | / | 210 |
| total: | 29 | 2435g | / | 1105w |
| 0:03 | Peasant |
| 0:03 | Peasant |
| 0:16 | Peasant |
| 0:31 | Altar of Kings |
| 0:37 | Peasant |
| 0:46 | Farm |
| 1:02 | Lumber Mill |
| 1:04 | Peasant |
| 1:04 | Peasant |
| 1:17 | Barracks |
| 1:20 | Farm |
| 1:23 | Peasant |
| 1:44 | Peasant |
| 1:45 | Peasant |
| 2:06 | Blacksmith |
| 2:20 | Farm |
| 2:25 | Footman |
| 2:26 | Footman |
| 2:32 | Summon Water Elemental |
| 2:56 | Scout Tower |
| 3:30 | Footman |
| 3:30 | Footman |
| 3:32 | Guard Tower |
| 3:35 | Farm |
| 3:55 | Brilliance Aura |
| 4:22 | Rifleman |
| 4:22 | Rifleman |
| 4:51 | Keep |
| 4:55 | Scout Tower |
| 5:30 | Guard Tower |
| 5:33 | Scout Tower |
| 5:36 | Farm |
| 5:44 | Iron Plating |
| 5:47 | Black Gunpowder |
| 5:50 | Rifleman |
| 6:07 | Guard Tower |
| 6:16 | Arcane Vault |
| 7:18 | Workshop |
| 7:24 | Peasant |
| 7:24 | Peasant |
| 7:24 | Peasant |
| 7:32 | Long Rifles |
| 7:34 | Refined Gunpowder |
| 7:45 | Farm |
| 7:46 | Farm |
| 7:54 | Scout Tower |
| 7:55 | Scout Tower |
| 7:56 | Scout Tower |
| 8:20 | Arcane Sanctum |
| 8:24 | Scout Tower |
| 8:26 | Scout Tower |
| 8:31 | Scout Tower |
| 8:33 | Rifleman |
| 8:33 | Rifleman |
| 8:40 | Farm |
| 8:43 | Guard Tower |
| 8:55 | Mortar Team |
| 9:12 | Studded Leather Armor |
| 9:13 | Improved Lumber Harvesting |
| 9:24 | Guard Tower |
| 9:43 | Arcane Tower |
| 9:58 | Mortar Team |
| 10:28 | Summon Water Elemental |
| 10:42 | Mortar Team |
| 10:48 | Town Hall |
| 10:51 | Rifleman |
| 10:51 | Rifleman |
| 11:35 | Reinforced Leather Armor |
| 12:28 | Flare |
| 12:40 | Castle |
| 12:56 | Footman |
| 12:56 | Footman |
| 13:08 | Peasant |
| 13:08 | Peasant |
| 13:55 | Peasant |
| 13:55 | Peasant |
| 13:56 | Peasant |
| 14:51 | Scout Tower |
| 14:51 | Scout Tower |
| 14:51 | Scout Tower |
| 14:51 | Scout Tower |
| 15:06 | Imbued Gunpowder |
| 15:07 | Dragonhide Armor |
| 15:30 | Footman |
| 15:31 | Rifleman |
| 15:32 | Rifleman |
| 15:32 | Rifleman |
| 15:32 | Rifleman |
| 15:46 | Guard Tower |
| Right click | 660 |
| Select | 247 |
| Select group | 109 |
| Build/train/purchase | 71 |
| Assign group | 26 |
| Use ability | 2 |
| Remove unit | 2 |
| Esc | 1 |
66 units @ 5.3k
/ 0.1k
141 buildings @ 13.9k
/ 8k


| Healing Salve | 3 | 300 |
| Lesser Clarity Potion | 5 | 350 |
| Orb of Lightning | 1 | 375 |
| Potion of Healing | 1 | 150 |
| Potion of Mana | 1 | 200 |
| Boots of Speed | 2 | 500 |
| Staff of Teleportation | 2 | 300 |
| Periapt of Vitality | 1 | 325 |
| Staff of Sanctuary | 1 | 250 |
| Ivory Tower | 1 | 40 |
| total: | 18 | 2790g |
| Peon | 22 | 1650 | / | 0 |
| Troll Batrider | 2 | 320 | / | 80 |
| total: | 24 | 1970g | / | 80w |
| Watch Tower | 41 | 4510 | / | 3280 |
| Altar of Storms | 1 | 180 | / | 50 |
| Orc Burrow | 3 | 480 | / | 120 |
| War Mill | 3 | 615 | / | 0 |
| Voodoo Lounge | 1 | 130 | / | 30 |
| Great Hall | 1 | 385 | / | 185 |
| Beastiary | 3 | 435 | / | 420 |
| Stronghold | 1 | 315 | / | 190 |
| Fortress | 1 | 325 | / | 190 |
| total: | 53 | 6735g | / | 4085w |
| 0:16 | Altar of Storms |
| 0:19 | Orc Burrow |
| 0:20 | Peon |
| 0:31 | Peon |
| 0:44 | Peon |
| 0:53 | War Mill |
| 1:04 | Peon |
| 1:24 | Voodoo Lounge |
| 1:28 | Peon |
| 1:40 | Peon |
| 1:48 | Peon |
| 2:02 | Peon |
| 2:12 | Watch Tower |
| 2:16 | Wind Walk |
| 2:21 | Watch Tower |
| 2:28 | Healing Salve |
| 2:28 | Lesser Clarity Potion |
| 2:29 | Lesser Clarity Potion |
| 2:40 | Peon |
| 2:53 | Watch Tower |
| 2:54 | Watch Tower |
| 3:17 | Peon |
| 3:55 | Watch Tower |
| 4:05 | Watch Tower |
| 4:08 | Watch Tower |
| 4:24 | Stronghold |
| 4:43 | Watch Tower |
| 5:14 | Watch Tower |
| 5:14 | Watch Tower |
| 5:26 | Boots of Speed |
| 5:36 | Staff of Teleportation |
| 5:53 | Critical Strike |
| 6:28 | Great Hall |
| 6:30 | Watch Tower |
| 6:41 | Lesser Clarity Potion |
| 6:42 | Healing Salve |
| 6:49 | Watch Tower |
| 7:19 | Fortress |
| 8:00 | Watch Tower |
| 8:01 | Watch Tower |
| 8:27 | Wind Walk |
| 8:33 | Orc Burrow |
| 8:36 | Beastiary |
| 9:01 | Beastiary |
| 9:05 | Peon |
| 9:06 | Peon |
| 9:06 | Peon |
| 9:06 | Peon |
| 9:45 | Peon |
| 9:45 | Peon |
| 9:45 | Peon |
| 9:45 | Peon |
| 9:55 | Peon |
| 9:55 | Peon |
| 10:18 | Beastiary |
| 10:21 | Orc Burrow |
| 10:40 | Watch Tower |
| 10:40 | Watch Tower |
| 10:41 | Watch Tower |
| 10:41 | Watch Tower |
| 10:42 | Watch Tower |
| 10:43 | Watch Tower |
| 10:47 | Hex |
| 11:22 | Liquid Fire |
| 11:29 | Peon |
| 11:29 | Peon |
| 11:34 | War Mill |
| 11:35 | War Mill |
| 11:38 | Healing Salve |
| 11:41 | Lesser Clarity Potion |
| 11:46 | Orb of Lightning |
| 12:26 | Boots of Speed |
| 12:26 | Periapt of Vitality |
| 12:27 | Staff of Teleportation |
| 13:10 | Critical Strike |
| 13:13 | Troll Batrider |
| 13:16 | Troll Batrider |
| 13:21 | Lesser Clarity Potion |
| 13:22 | Potion of Healing |
| 13:24 | Potion of Mana |
| 13:30 | Watch Tower |
| 13:31 | Watch Tower |
| 13:31 | Watch Tower |
| 13:32 | Watch Tower |
| 13:33 | Watch Tower |
| 13:33 | Watch Tower |
| 15:19 | Watch Tower |
| 15:19 | Watch Tower |
| 15:19 | Watch Tower |
| 15:20 | Watch Tower |
| 15:33 | Reinforced Defenses |
| 15:33 | Spiked Barricades |
| 15:34 | Watch Tower |
| 15:35 | Watch Tower |
| 15:35 | Watch Tower |
| 15:36 | Watch Tower |
| 15:36 | Watch Tower |
| 15:36 | Watch Tower |
| 15:37 | Watch Tower |
| 15:58 | Staff of Sanctuary |
| 16:02 | Ivory Tower |
| 16:26 | Watch Tower |
| 16:26 | Watch Tower |
| 16:26 | Watch Tower |
| 16:27 | Watch Tower |
| Right click | 797 |
| Select group | 185 |
| Select | 168 |
| Build/train/purchase | 156 |
| Misc. action | 33 |
| Assign group | 28 |
| Use ability | 19 |
| Item give/drop | 13 |
| Chat | 10 |
| Esc | 1 |
BEARAND
(16:39) : 


| Boots of Speed | 2 | 500 |
| Staff of Teleportation | 2 | 300 |
| Periapt of Vitality | 1 | 325 |
| total: | 5 | 1125g |
| Peasant | 21 | 1575 | / | 0 |
| Priest | 2 | 270 | / | 20 |
| Sorceress | 1 | 155 | / | 20 |
| total: | 24 | 2000g | / | 40w |
| Scout Tower | 43 | 1290 | / | 860 |
| Arcane Tower | 3 | 210 | / | 150 |
| Guard Tower | 13 | 910 | / | 650 |
| Altar of Kings | 1 | 180 | / | 50 |
| Farm | 4 | 320 | / | 80 |
| Lumber Mill | 1 | 120 | / | 0 |
| Town Hall | 1 | 385 | / | 205 |
| Arcane Vault | 4 | 520 | / | 120 |
| Arcane Sanctum | 1 | 150 | / | 140 |
| Keep | 1 | 320 | / | 210 |
| Castle | 1 | 360 | / | 210 |
| total: | 55 | 2965g | / | 1455w |
| 0:14 | Peasant |
| 0:14 | Peasant |
| 0:22 | Altar of Kings |
| 0:30 | Farm |
| 0:43 | Peasant |
| 0:47 | Farm |
| 0:57 | Peasant |
| 1:10 | Peasant |
| 1:16 | Lumber Mill |
| 1:26 | Peasant |
| 1:40 | Scout Tower |
| 1:45 | Peasant |
| 1:46 | Peasant |
| 1:56 | Scout Tower |
| 1:59 | Scout Tower |
| 2:08 | Peasant |
| 2:10 | Peasant |
| 2:14 | Arcane Tower |
| 2:20 | Summon Water Elemental |
| 2:43 | Guard Tower |
| 2:45 | Peasant |
| 2:45 | Peasant |
| 2:46 | Peasant |
| 2:52 | Peasant |
| 3:04 | Scout Tower |
| 3:04 | Scout Tower |
| 3:30 | Scout Tower |
| 3:30 | Scout Tower |
| 3:31 | Scout Tower |
| 3:32 | Scout Tower |
| 3:33 | Guard Tower |
| 3:41 | Guard Tower |
| 3:50 | Brilliance Aura |
| 4:11 | Boots of Speed |
| 4:11 | Staff of Teleportation |
| 4:20 | Guard Tower |
| 4:43 | Guard Tower |
| 4:45 | Scout Tower |
| 4:46 | Scout Tower |
| 4:47 | Scout Tower |
| 4:47 | Scout Tower |
| 4:48 | Scout Tower |
| 5:00 | Keep |
| 5:28 | Guard Tower |
| 5:31 | Farm |
| 5:31 | Farm |
| 5:33 | Improved Masonry |
| 5:45 | Guard Tower |
| 5:49 | Scout Tower |
| 7:04 | Summon Water Elemental |
| 7:39 | Guard Tower |
| 8:21 | Town Hall |
| 8:21 | Castle |
| 8:25 | Advanced Masonry |
| 8:43 | Storm Bolt |
| 9:16 | Boots of Speed |
| 9:16 | Staff of Teleportation |
| 9:45 | Improved Lumber Harvesting |
| 9:48 | Arcane Sanctum |
| 9:50 | Scout Tower |
| 9:51 | Scout Tower |
| 9:52 | Scout Tower |
| 9:52 | Scout Tower |
| 10:08 | Periapt of Vitality |
| 11:00 | Arcane Vault |
| 11:02 | Arcane Vault |
| 11:03 | Magic Sentry |
| 11:03 | Priest |
| 11:28 | Bash |
| 12:04 | Holy Light |
| 12:57 | Brilliance Aura |
| 13:59 | Scout Tower |
| 13:59 | Scout Tower |
| 14:00 | Scout Tower |
| 14:00 | Scout Tower |
| 14:02 | Arcane Tower |
| 14:03 | Imbued Masonry |
| 14:10 | Arcane Vault |
| 14:11 | Arcane Vault |
| 14:38 | Sorceress |
| 14:38 | Sorceress Adept Training |
| 14:39 | Priest Adept Training |
| 14:39 | Priest |
| 14:51 | Peasant |
| 14:51 | Peasant |
| 14:51 | Peasant |
| 15:09 | Scout Tower |
| 15:10 | Scout Tower |
| 15:11 | Scout Tower |
| 15:12 | Scout Tower |
| 15:12 | Scout Tower |
| 15:13 | Scout Tower |
| 15:13 | Scout Tower |
| 15:14 | Scout Tower |
| 15:14 | Scout Tower |
| 15:15 | Scout Tower |
| 15:15 | Scout Tower |
| 15:16 | Scout Tower |
| 15:16 | Scout Tower |
| 15:17 | Scout Tower |
| 15:40 | Guard Tower |
| 15:41 | Guard Tower |
| 15:44 | Scout Tower |
| 15:45 | Scout Tower |
| 15:45 | Scout Tower |
| 15:46 | Scout Tower |
| 15:46 | Scout Tower |
| 15:47 | Scout Tower |
| 16:13 | Guard Tower |
| 16:15 | Peasant |
| 16:15 | Peasant |
| 16:16 | Peasant |
| 16:16 | Peasant |
| 16:22 | Guard Tower |
| 16:28 | Divine Shield |
| 16:37 | Guard Tower |
| Right click | 1268 |
| Select | 294 |
| Select group | 222 |
| Build/train/purchase | 107 |
| Assign group | 29 |
| Misc. action | 26 |
| Use ability | 26 |
| Item give/drop | 14 |
| Resource trade | 5 |
| Minimap ping | 2 |



| Healing Salve | 4 | 400 |
| Lesser Clarity Potion | 4 | 280 |
| Orb of Lightning | 1 | 375 |
| Boots of Speed | 3 | 750 |
| Staff of Teleportation | 3 | 450 |
| Periapt of Vitality | 1 | 325 |
| total: | 16 | 2580g |
| Peon | 18 | 1350 | / | 0 |
| total: | 18 | 1350g | / | 0w |
| Watch Tower | 26 | 2860 | / | 2080 |
| Altar of Storms | 1 | 180 | / | 50 |
| Orc Burrow | 3 | 480 | / | 120 |
| Voodoo Lounge | 1 | 130 | / | 30 |
| War Mill | 1 | 205 | / | 0 |
| Great Hall | 1 | 385 | / | 185 |
| Stronghold | 1 | 315 | / | 190 |
| Fortress | 1 | 325 | / | 190 |
| total: | 33 | 4240g | / | 2465w |
| 0:02 | Peon |
| 0:17 | Altar of Storms |
| 0:26 | Peon |
| 0:28 | Orc Burrow |
| 0:39 | Peon |
| 0:43 | Voodoo Lounge |
| 0:47 | Peon |
| 0:47 | Peon |
| 0:59 | Peon |
| 1:15 | Peon |
| 1:22 | Peon |
| 1:48 | War Mill |
| 1:49 | Peon |
| 2:00 | Orc Burrow |
| 2:07 | Peon |
| 2:18 | Healing Salve |
| 2:22 | Lesser Clarity Potion |
| 2:22 | Lesser Clarity Potion |
| 2:22 | Lesser Clarity Potion |
| 2:24 | Wind Walk |
| 2:43 | Peon |
| 3:24 | Watch Tower |
| 3:25 | Watch Tower |
| 3:49 | Peon |
| 3:50 | Peon |
| 4:05 | Watch Tower |
| 4:07 | Watch Tower |
| 4:44 | Peon |
| 5:14 | Stronghold |
| 5:25 | Critical Strike |
| 5:38 | Watch Tower |
| 5:42 | Watch Tower |
| 6:01 | Orc Burrow |
| 6:13 | Boots of Speed |
| 6:14 | Staff of Teleportation |
| 6:27 | Healing Salve |
| 6:31 | Watch Tower |
| 6:34 | Watch Tower |
| 7:20 | Great Hall |
| 7:23 | Healing Salve |
| 7:23 | Lesser Clarity Potion |
| 7:53 | Watch Tower |
| 7:54 | Watch Tower |
| 8:30 | Wind Walk |
| 8:40 | Fortress |
| 9:01 | Watch Tower |
| 9:01 | Watch Tower |
| 10:11 | Watch Tower |
| 10:11 | Watch Tower |
| 10:15 | Reinforced Defenses |
| 10:29 | War Stomp |
| 12:19 | Watch Tower |
| 12:20 | Watch Tower |
| 12:30 | Staff of Teleportation |
| 12:30 | Boots of Speed |
| 12:31 | Periapt of Vitality |
| 12:58 | Critical Strike |
| 13:50 | Watch Tower |
| 13:51 | Watch Tower |
| 13:55 | Peon |
| 13:55 | Peon |
| 13:55 | Peon |
| 13:56 | Peon |
| 14:05 | Orb of Lightning |
| 14:16 | Watch Tower |
| 14:16 | Watch Tower |
| 14:17 | Watch Tower |
| 14:17 | Watch Tower |
| 14:19 | Watch Tower |
| 14:19 | Watch Tower |
| 14:20 | Watch Tower |
| 14:21 | Watch Tower |
| 14:27 | Hex |
| 14:33 | Boots of Speed |
| 14:34 | Staff of Teleportation |
| 15:18 | Endurance Aura |
| 15:43 | Healing Salve |
| Right click | 1309 |
| Select | 415 |
| Assign group | 174 |
| Build/train/purchase | 110 |
| Select group | 101 |
| Chat | 44 |
| Use ability | 27 |
| Minimap ping | 6 |
| Item give/drop | 5 |